 Dungeon Crawl Stone Soup version 0.18.1-8-gdd0e5ea (webtiles) character file.

14083048 rockintein the Axe Maniac (level 27, 245/245 HPs)
             Began as a Minotaur Berserker on June 11, 2016.
             Was a High Priest of the Shining One.
             Escaped with the Orb
             ... and 15 runes!
             The game lasted 05:48:31 (113700 turns).

rockintein the Axe Maniac (Minotaur Berserker)    Turns: 113700, Time: 05:48:31

Health: 245/245    AC: 37    Str: 37    XL:     27
Magic:  46/52      EV: 36    Int:  5    God:    the Shining One [*****.]
Gold:   11573      SH: 35    Dex: 23    Spells: 3 memorised, 46 levels left

rFire  + + +     SeeInvis .     O - +9 broad axe (holy)
rCold  + + +     Gourm    .     h - +4 plate armour of Beyond {*Contam rF++ MR+ rCorr}
rNeg   + + +     Faith    .     n - +3 large shield {AC+3}
rPois  +         Spirit   .     f - -2 hat of the Alchemist {rElec rPois rF+ rC+ rN+ MR+ rMut rCorr}
rElec  +         Dismiss  .     J - +0 cloak "Keofam" {Regen+ Str+6}
rCorr  +         Reflect  +     R - +2 pair of fencer's gloves {LBl+4 SBl+4 EV+3 Dex+6}
rMut   +         Harm     .     G - +2 pair of boots {run}
SustAt .         Rnd*Rage +     U - amulet "Buyryerch" {Reflect rElec Str+3 Int+4 SH+2}
MR     ++++.                    l - ring of Loisay {rC+ rN+ MP+9}
Stlth  ..........               N - ring of Heffoar {rElec rC+ Int-4 Dex+3 Slay+4}

@: very slightly contaminated, hasted, glowing, very quick, incredibly resistant
to hostile enchantments, extremely unstealthy
A: retaliatory headbutt, horns 2, berserk 1, clumsy 1, frail 1, screaming 1
a: Divine Shield, Cleansing Flame, Summon Divine Warrior, Renounce Religion
0: Orb of Zot
}: 15/15 runes: decaying, serpentine, slimy, silver, golden, iron, obsidian,
icy, bone, abyssal, demonic, glowing, magical, fiery, dark


You escaped.
You worshipped the Shining One.
The Shining One was extremely pleased with you.
You were not hungry.

You visited 18 branches of the dungeon, and saw 93 of its levels.
You visited Pandemonium 1 time, and saw 21 of its levels.
You visited the Abyss 3 times.
You visited 2 bazaars.
You visited 1 ziggurat, and saw 14 of its levels.
You also visited: Trove, Bailey and Ice Cave.

You collected 18051 gold pieces.
You spent 6478 gold pieces at shops.

Inventory:

Hand Weapons
 E - a +9 broad axe of flaming
 O - a +9 broad axe of holy wrath (weapon)
Missiles
 t - 34 tomahawks of returning (quivered)
Armour
 d - the +7 plate armour of the Elven Halls {rElec rN+}
   (You found it on level 2 of the Realm of Zot)

   It insulates you from electricity.
   It protects you from negative energy.
 f - the -2 hat of the Alchemist (worn) {rElec rPois rF+ rC+ rN+ MR+ rMut rCorr}
   (You found it on level 13 of a ziggurat)

   It protects you from fire.
   It protects you from cold.
   It insulates you from electricity.
   It protects you from poison.
   It protects you from negative energy.
   It affects your resistance to hostile enchantments.
   It protects you from acid and corrosion.
   It protects you from mutation.
 h - the +4 plate armour of Beyond (worn) {*Contam rF++ MR+ rCorr}
   (You bought it in a shop in a bazaar)

   It greatly protects you from fire.
   It affects your resistance to hostile enchantments.
   It causes magical contamination when unequipped.
   It protects you from acid and corrosion.
 n - a +3 large shield of protection (worn)
 G - a +2 pair of boots of running (worn)
 J - the +0 cloak "Keofam" (worn) {Regen+ Str+6}
   (You bought it in a shop on level 2 of the Orcish Mines)

   It affects your strength (+6).
   It increases your rate of regeneration.
 R - the +2 pair of fencer's gloves (worn) {LBl+4 SBl+4 EV+3 Dex+6}
   (You bought it in a shop in a bazaar)

   It affects your evasion (+3).
   It affects your dexterity (+6).
Jewellery
 l - the ring of Loisay (right hand) {rC+ rN+ MP+9}
   (You found it in a treasure trove)

   [ring of magical power]

   It protects you from cold.
   It protects you from negative energy.
   It affects your magic capacity (+9).
 N - the ring of Heffoar (left hand) {rElec rC+ Int-4 Dex+3 Slay+4}
   (You found it in a treasure trove)

   [ring of slaying]

   It affects your intelligence (-4).
   It affects your dexterity (+3).
   It affects your accuracy and damage with ranged weapons and melee attacks
   (+4).
   It protects you from cold.
   It insulates you from electricity.
 U - the amulet "Buyryerch" (around neck) {Reflect rElec Str+3 Int+4 SH+2}
   (You found it on level 3 of the Elven Halls)

   [amulet of reflection]

   It shields you and reflects attacks.
   It affects your strength (+3).
   It affects your intelligence (+4).
   It insulates you from electricity.
   It affects your SH (+2).
Wands
 j - a wand of enslavement (16/24)
 y - a wand of heal wounds (8/9)
 z - a wand of teleportation (9/9)
 X - a wand of disintegration (24/24)
Scrolls
 i - 6 scrolls of amnesia
 k - 4 scrolls of blinking
 m - 35 scrolls of remove curse
 o - 2 scrolls of silence
 r - 5 scrolls of fog
 u - a scroll of summoning
 w - 10 scrolls of fear
 x - 3 scrolls of recharging
 I - 36 scrolls of teleportation
 K - 19 scrolls of identify
 P - 12 scrolls of magic mapping
 S - a scroll of brand weapon
Potions
 b - 5 potions of flight
 e - 9 potions of haste
 g - 7 potions of berserk rage
 p - a potion of cancellation
 q - 8 potions of heal wounds
 s - a potion of might
 C - a potion of ambrosia
 D - 2 potions of resistance
 F - 5 potions of agility
 L - 27 potions of curing
 Q - 2 potions of magic
Books
 a - a book of Changes

   Spells                             Type                      Level
   a - Beastly Appendage              Transmutation                1
   b - Sticks to Snakes               Transmutation                2
   c - Spider Form                    Transmutation/Poison         3
   d - Ice Form                       Ice/Transmutation            4
   e - Blade Hands                    Transmutation                5
 A - Egedohoa's Almanac of Evil Shape Shifting
   (You found it in Pandemonium)

   Spells                             Type                      Level
   a - Sticks to Snakes               Transmutation                2
   b - Vampiric Draining              Necromancy                   3
   c - Control Undead                 Necromancy                   4
   d - Agony                          Necromancy                   5
   e - Statue Form                    Transmutation/Earth          6
 B - a book of the Warp

   Spells                             Type                      Level
   a - Recall                         Summoning/Translocation      3
   b - Gell's Gravitas                Hexes/Translocation          3
   c - Force Lance                    Conjuration/Translocation    4
   d - Warp Weapon                    Charms/Translocation         5
   e - Summon Forest                  Summoning/Translocation      5
Comestibles
 c - 16 bread rations
 H - a slice of pizza
 T - 2 royal jellies


   Skills:
 O Level 27 Fighting
 O Level 27 Axes
 O Level 27 Armour
 O Level 27 Dodging
 - Level 12.8 Stealth
 O Level 27 Shields
 + Level 17.7 Spellcasting
 - Level 14.3 Hexes
 + Level 16.2 Charms
 O Level 27 Invocations
 - Level 15.0 Evocations


You had 46 spell levels left.
You knew the following spells:

 Your Spells              Type           Power        Failure   Level  Hunger
a - Haste                 Chrm           ###.....     4%          6    #######
b - Discord               Hex            ###.......   100%        8    #######
c - Infusion              Chrm           ###.         1%          1    None


Dungeon Overview and Level Annotations

Branches:
Dungeon (15/15)            Temple (1/1) D:6            Lair (8/8) D:10
  Swamp (4/4) Lair:3        Snake (4/4) Lair:3        Slime (6/6) Lair:8
    Orc (2/2) D:10            Elf (3/3) Orc:2        Vaults (5/5) D:13
  Crypt (3/3) Vaults:3       Tomb (3/3) Crypt:3      Depths (5/5) D:15
   Hell (1/1)                 Dis (7/7) Hell            Geh (7/7) Hell
    Coc (7/7) Hell            Tar (7/7) Hell            Zot (5/5) Depths:5

Altars:
Ashenzari
Cheibriados
Dithmenos
Elyvilon
Fedhas
Gozag
Kikubaaqudgha
Makhleb
Nemelex Xobeh
Okawaru
Pakellas
Qazlal
Ru
Sif Muna
Trog
Vehumet
Xom
Yredelemnul
Zin
The Shining One
Beogh
Jiyva

Shops:
D:4 %   D:7 :   D:10 [   D:13 (   Orc:2 [*(:   Elf:1 }[*   Vaults:2 ?
Vaults:3 ?   Depths:5 !?

Portals:
Hell: Depths:1 Depths:2 Depths:3 Depths:4 Depths:5
Abyss: Depths:1 Depths:2 Depths:4
Pandemonium: Depths:1 Depths:3 Depths:4

Annotations:
Depths:5 1 exclusion


Innate Abilities, Weirdness & Mutations

You reflexively headbutt those who attack you in melee.
You have a pair of horns on your head.
You tend to lose your temper in combat.
You are clumsy. (Dex -2)
You are frail (-10% HP).
You occasionally shout uncontrollably at your foes.


Message History

Confirm with . or Enter, or press ? or * to list all spells.
Aiming: Haste
Press: ? - help, Shift-Dir - straight line, f - you You feel yourself speed up.
You are contaminated with residual magic.
(D) Dungeon (T) Temple (L) Lair (S) Swamp (P) Snake Pit (M) Slime Pits (O) Orcish Mines (E) Elven Halls (V) Vaults (C) Crypt (W) Tomb (U) Depths (H) Hell (I) Dis (G) Gehenna (X) Cocytus (Y) Tartarus (Z) Zot
Where to? (Enter - D:1, ? - help) You're already here!
There is an open door here.
Your body shudders with the violent release of wild energies!
You feel odd for a moment.
You feel less contaminated with magical energies.
There is a fountain of clear blue water here.
There is a staircase leading out of the dungeon here.
You can't go down here!
You have escaped!

.........................>#.####.
.(........................#....#.
##)##############.#######.####'##
..).# #########.#######.##.....
....# #...............#.##.(...
....# #..##♣♣♣.♣♣♣##..#..#.....
....# #..# ♣⌠♣ #..##.#..... ..÷.#
#..♣♣♣♣♣.♣♣♣♣♣..##.......
....#####.....⌠.@.⌠.....##..####.
.))........♣♣♣♣♣.♣♣♣♣♣..##..## #.
....####...# ♣⌠♣ #..###..# #.
....# ##..##♣♣♣.♣♣♣##..# #..###'
....# #...............###..##..
...## #####.................#..
...# #############.....#.. ...#
###........ ...# #......#...


There were no monsters in sight!

Vanquished Creatures
  Cerebov (Pan)
  Antaeus (Coc:7)
  Asmodeus (Geh:7)
  the Royal Jelly (Slime:6)
  Gloorx Vloq (Pan)
  Lom Lobon (Pan)
  the Serpent of Hell (Geh:7)
  Mnoleg (Pan)
  8 ancient liches
  4 orbs of fire (Zot:5)
  Dispater (Dis:7)
  3 juggernauts
  The ghost of M4edhros the Evocator, a legendary OpAr of Fedhas (Pan)
  28 greater mummies
  Sojobo (Vaults:2)
  11 pandemonium lords
  18 shard shrikes
  A curse toe (Zot:4)
  Norris (D:13)
  A caustic shrike (Depths:4)
  2 Killer Klowns (Zot:5)
  Geryon (Hell)
  7 golden dragons
  10 iron giants
  Xtahua (Crypt:2)
  12 bone dragons
  43 Tzitzimimeh
  2 electric golems (Zot:5)
  13 tentacled monstrosities
  15 doom hounds
  18 Brimstone Fiends
  A hellephant (Pan)
  20 Ice Fiends
  Rupert (D:12)
  7 Hell Sentinels
  10 titans
  19 liches
  26 Orb Guardians
  3 quicksilver dragons
  3 deep elf blademasters
  A quicksilver dragon (shapeshifter) (Zig:7)
  2 deep elf master archers
  The ghost of rockintein the Executioner, an adept MiBe of Trog (Snake:4)
  25 acid blobs
  Murray (Hell)
  4 ancient champions
  Gastronok (Orc:1)
  25 Executioners (Pan)
  13 sphinxes
  7 tengu reavers
  8 eldritch tentacles
  3 thorn hunters
  8 storm dragons
  16 shadow dragons
  Frances (D:12)
  3 revenants
  7 greater nagas
  A draconian monk (Zig:13)
  Roxanne (D:15)
  13 azure jellies
  Donald (Snake:3)
  7 deep elf sorcerers
  9 frost giants
  19 fire giants
  Maud (D:11)
  11 iron dragons
  A draconian scorcher (Zig:13)
  2 ghost moths
  3 orc warlords
  Aizul (Snake:3)
  23 balrugs
  18 vault wardens
  5 draconian knights
  Louise (Depths:2)
  10 warmongers (Pan)
  2 draconian shifters
  4 draconian zealots
  5 ghouls
  6 deep elf elementalists
  24 cacodemons
  13 ironheart preservers
  4 curse skulls
  102 reapers
  3 draconian callers
  4 spriggan defenders
  19 war gargoyles
  2 elemental wellsprings
  10 blood saints (Pan)
  2 draconian annihilators
  29 very ugly things
  30 stone giants
  6 starcursed masses (Abyss:3)
  17 corrupters
  2 grey draconians (Depths:5)
  17 deep elf annihilators
  13 vampire knights
  12 deep elf demonologists
  4 mottled draconians
  5 green draconians
  7 chaos champions (Pan)
  4 white draconians
  6 bennus (Tomb:2)
  4 red draconians
  7 salamander stormcallers
  3 black draconians
  17 lorocyprocas
  9 spark wasps
  13 black suns (Pan)
  7 purple draconians
  2 yellow draconians (Zot:5)
  11 eidola
  14 ettins
  21 green deaths
  16 deep elf death magi
  12 death oozes
  11 quicksilver dragon zombies
  34 blizzard demons
  7 deep elf high priests
  30 vault guards
  A merfolk impaler (Depths:4)
  18 fire dragons
  14 ogre magi
  26 mummy priests
  10 jiangshi
  22 yaktaur captains
  A kraken zombie (Coc:2)
  5 entropy weavers
  Harold (Lair:3)
  8 great orbs of eyes
  17 monstrous demonspawn
  Erolcha (D:9)
  16 hydras
  9 rakshasas
  2 ghost crabs
  9 hell beasts
  28 ice dragons
  12 naga warriors
  A satyr (shapeshifter) (Depths:2)
  7 spriggan air magi
  Erica (D:8)
  3 quicksilver dragon skeletons
  9 alligators
  2 catoblepae
  3 anacondas
  3 death knights
  18 centaur warriors
  3 tengu warriors
  11 vampire magi
  36 dancing weapons
  3 deep troll shamans
  7 death yaks
  A hell hog (shapeshifter) (Depths:2)
  A thrashing horror (Abyss:2)
  10 spriggan berserkers
  A queen ant (shapeshifter) (Elf:3)
  32 hell hogs
  3 titan zombies
  12 orc high priests
  5 iron golems
  6 deep troll earth magi
  7 shock serpents
  14 naga sharpshooters
  57 soul eaters
  26 deep elf knights
  5 storm dragon zombies
  48 sun demons
  20 hell knights
  15 iron trolls
  5 titan skeletons
  An iron troll (shapeshifter) (Zig:7)
  9 shadow wraiths
  Sonja (D:12)
  Nergalle (D:10)
  A fire crab (Swamp:4)
  48 death scarabs
  201 skeletal warriors
  6 golden dragon zombies
  16 anaconda zombies
  6 gelid demonspawn (Pan)
  Maurice (D:8)
  A spatial maelstrom (Abyss:3)
  14 flayed ghosts
  An obsidian statue (Zig:3)
  4 unseen horrors
  4 storm dragon skeletons
  21 deep trolls
  The ghost of Malvoorn the Carver, a novice DsAK of Lugonu (D:8)
  2 ghost moth zombies
  10 swamp dragons
  3 wizards
  9 infernal demonspawn (Pan)
  13 putrid demonspawn (Pan)
  43 shadow demons
  5 spriggan druids
  14 deep elf archers
  A giant orange brain (shapeshifter) (Zig:7)
  18 hill giants
  13 anaconda skeletons
  3 shambling mangroves
  Pikel (D:8)
  8 naga ritualists
  4 giant orange brains
  3 lindwurms
  12 shadow dragon zombies
  7 ironbrand convokers
  17 torturous demonspawn (Pan)
  7 harpies
  37 phantasmal warriors
  5 golden dragon skeletons
  97 deep elf magi
  23 necromancers
  17 orc knights
  21 anubis guards
  A wolf spider (shapeshifter) (Vaults:5)
  49 ugly things
  7 wolf spiders
  6 fire giant zombies
  13 stone giant zombies
  A faun (shapeshifter) (Depths:4)
  The ghost of mindo the Destroyer, a novice DECj of Vehumet (Lair:1)
  8 frost giant zombies
  3 mana vipers (shapeshifter)
  9 orc sorcerers
  7 wolf spider zombies
  8 iron dragon zombies
  A faun (Zig:6)
  8 shining eyes
  4 mana vipers
  3 griffons
  An orb spider (shapeshifter) (Vaults:2)
  7 hornets
  An oklob plant (Zig:7)
  6 shadow dragon skeletons
  14 moths of wrath
  6 cyclopes
  2 salamanders (shapeshifter)
  7 salamanders
  25 sixfirhies
  2 elephants (shapeshifter) (Depths:4)
  4 iron dragon skeletons
  A sphinx skeleton (Zig:9)
  Joseph (D:7)
  3 guardian serpents (shapeshifter)
  7 molten gargoyles
  3 centaur zombies
  4 ice statues
  8 stone giant skeletons
  9 frost giant skeletons
  16 naga magi
  An octopode (shapeshifter) (Vaults:3)
  6 dire elephant zombies
  An eye of devastation (Slime:5)
  A black mamba (shapeshifter) (Elf:2)
  13 vault sentinels
  A titan simulacrum (Abyss:2)
  A guardian serpent (Snake:4)
  45 rust devils
  2 shock serpent zombies
  4 dire elephant skeletons
  5 fire giant skeletons
  2 gargoyles
  33 black mambas
  10 torpor snails
  35 smoke demons
  7 emperor scorpion zombies
  8 spectral swamp worms (Tar:7)
  12 spiny frogs
  36 hellions
  A purple draconian zombie (Dis:2)
  A shock serpent skeleton (Dis:1)
  A catoblepas zombie (Geh:7)
  2 rime drakes
  5 komodo dragons
  A yaktaur zombie (Vaults:3)
  16 demonic crawlers
  36 orange demons
  A black draconian zombie (Coc:7)
  A storm dragon simulacrum (Abyss:3)
  A spriggan skeleton (Zig:9)
  51 freezing wraiths
  5 human zombies
  5 kobold demonologists
  60 tormentors
  7 efreet
  51 yaktaurs
  2 catoblepas skeletons
  52 ice devils
  A yaktaur (shapeshifter) (Vaults:2)
  20 hydra zombies
  A ghost moth simulacrum (Coc:6)
  4 human skeletons
  A mottled draconian skeleton (Crypt:1)
  A tengu conjurer (Depths:3)
  7 harpy zombies
  A queen ant zombie (Crypt:1)
  A white draconian skeleton (Crypt:2)
  A komodo dragon (shapeshifter) (Depths:4)
  38 red devils
  2 yaktaur skeletons (Vaults:3)
  4 anaconda simulacra
  3 golden dragon simulacra
  A red draconian skeleton (Crypt:1)
  A queen bee (Depths:4)
  4 ancient zymes
  36 hellwings
  A giant leech (shapeshifter) (D:14)
  A queen bee (shapeshifter) (D:15)
  6 silent spectres
  43 large abominations
  8 giant leeches
  A minotaur zombie (Crypt:2)
  34 guardian mummies
  5 jumping spiders
  A merfolk (shapeshifter) (Vaults:5)
  A tengu simulacrum (Vaults:3)
  35 two-headed ogres
  14 polar bears
  13 trolls
  A satyr zombie (Crypt:2)
  Prince Ribbit (D:7)
  127 slime creatures
  A wolf spider simulacrum (Crypt:1)
  7 ice dragon zombies
  A shadow dragon simulacrum (Coc:2)
  A griffon zombie (Crypt:1)
  11 wind drakes (Pan)
  3 harpy skeletons
  9 raiju
  A minotaur skeleton (Tar:6)
  9 ushabtiu
  10 hydra skeletons
  A blink frog (shapeshifter) (Vaults:4)
  13 alligator zombies
  3 boulder beetles
  12 blink frogs
  18 bog bodies
  6 ettin zombies
  3 spriggan zombies
  9 fire dragon zombies
  5 centaur simulacra
  153 flying skulls
  An alligator skeleton (Pan)
  2 tarantellas (shapeshifter)
  17 redbacks
  A frost giant simulacrum (Crypt:2)
  A stone giant simulacrum (Crypt:1)
  2 black mamba zombies
  5 fire dragon skeletons
  10 ettin skeletons
  40 shadows
  37 wraiths
  5 ice dragon skeletons
  27 spriggans
  26 water elementals
  3 tarantellas
  2 black mamba skeletons
  9 air elementals
  3 dire elephant simulacra (IceCv)
  4 wyverns
  34 ynoxinuls
  A human (shapeshifter) (Vaults:5)
  38 yaks
  22 humans
  A basilisk (D:15)
  5 fire bats
  2 hogs (D:13)
  15 golden eyes
  26 fire elementals
  7 hippogriffs
  A basilisk (shapeshifter) (Vaults:1)
  31 neqoxecs
  A steam dragon (Swamp:4)
  34 vampire mosquitoes
  7 hungry ghosts
  2 death yak simulacra (IceCv)
  6 small abominations
  27 chaos spawn
  29 nagas
  3 spatial vortices
  19 swamp worms
  4 harpy simulacra (IceCv)
  4 mottled dragons
  12 wargs
  A deep troll zombie (Vaults:3)
  16 insubstantial wisps
  2 soldier ants (shapeshifter)
  4 hydra simulacra
  107 hell hounds
  5 spiny frog skeletons
  13 spiny frog zombies
  A soldier ant (D:15)
  A giant eyeball (Depths:4)
  5 porcupines
  11 water moccasins
  A deep troll skeleton (Vaults:3)
  A gelid demonspawn skeleton (Crypt:2)
  3 merfolk skeletons
  A black bear (shapeshifter) (Vaults:1)
  16 black bears
  5 sky beasts
  An infernal demonspawn skeleton (Crypt:2)
  2 manticore zombies
  12 swamp drakes
  An alligator simulacrum (Coc:4)
  3 tengu skeletons
  33 necrophages
  70 ogres
  3 ettin simulacra (IceCv)
  21 ice beasts
  58 orc warriors
  16 phantoms
  3 slaves (D:8)
  2 swamp dragon zombies
  19 wasps
  8 snapping turtle skeletons
  10 eyes of draining
  8 boggarts
  29 wolves
  The ghost of Malvoorn the Slasher, an amateur DsAK of Lugonu (D:3)
  3 manticore skeletons
  24 centaurs
  3 swamp dragon skeletons
  An elephant skeleton (Crypt:2)
  A blink frog skeleton (Crypt:2)
  13 crocodiles
  8 big kobolds
  A fire crab zombie (Vaults:1)
  16 giant frogs
  A draconian skeleton (Crypt:1)
  An elf skeleton (Geh:1)
  4 earth elementals
  A merfolk simulacrum (Coc:7)
  A deep troll simulacrum (Vaults:3)
  A spiny frog simulacrum (Hell)
  9 wyvern skeletons
  2 troll zombies
  7 scorpions
  30 killer bees
  91 wights
  5 howler monkeys
  3 electric eels
  A lava snake (Swamp:4)
  13 crimson imps
  4 draconian simulacra (IceCv)
  A quasit (D:10)
  5 giant frog zombies
  41 jellies
  30 orc priests
  29 hounds
  A wasp zombie (D:5)
  Crazy Yiuf (D:2)
  4 centaur skeletons
  55 iron imps
  6 iguanas
  8 worker ants
  34 orc wizards
  4 hell rats (Hell)
  A lightning spire (Zig:10)
  2 polar bear simulacra (IceCv)
  A spriggan simulacrum (IceCv)
  3 troll simulacra (IceCv)
  19 sheep
  2 naga zombies
  A tengu zombie (Dis:4)
  A dwarf zombie (Crypt:1)
  An ogre zombie (Dis:1)
  A felid zombie (Crypt:1)
  A big kobold zombie (Crypt:1)
  45 mummies
  A hound zombie (D:10)
  A howler monkey zombie (D:10)
  A worker ant zombie (D:11)
  4 gnolls
  4 ogre simulacra (IceCv)
  15 adders
  2 naga simulacra (IceCv)
  68 river rats
  A swamp drake skeleton (Crypt:2)
  32 shadow imps
  17 white imps
  6 ufetubi
  4 oozes
  2 adder zombies (D:6)
  2 adder skeletons
  24 worms
  3 dart slugs
  3 giant geckos
  124 orcs
  7 giant cockroaches
  5 goblins
  8 hobgoblins
  20 jackals
  A jackal (shapeshifter) (Depths:4)
  34 kobolds
  7 quokkas
  A ball python (D:1)
  8 bats
  A giant gecko zombie (D:5)
  5 giant newts
  A goblin zombie (Crypt:1)
  3 kobold zombies
  An orc skeleton (Geh:7)
  2 orc zombies
  A quokka skeleton (D:4)
  10 rats
  A bush (Depths:3)
  4 crawling corpses
  3 fire vortices (Geh:7)
  7 fungi
  12 plants
  2 tentacles (Coc:2)
  7 withered plants
5926 creatures vanquished.

Vanquished Creatures (collateral kills)
  Ereshkigal (Tar:7)
  An ancient lich (Zot:5)
  An orb of fire (Zot:5)
  A pandemonium lord (Pan)
  Boris (Tomb:3)
  2 shard shrikes
  A Killer Klown (Zig:7)
  5 bone dragons
  2 iron giants
  13 Tzitzimimeh
  2 doom hounds
  2 Brimstone Fiends (Pan)
  4 Ice Fiends
  3 Hell Sentinels
  An Orb Guardian (Zot:5)
  2 tentacled monstrosities
  A quicksilver dragon (Dis:7)
  A deep elf master archer (Zig:6)
  2 liches (Pan)
  An acid blob (Zig:12)
  2 titans (Pan)
  4 Executioners
  A death cob (Zot:1)
  An eldritch tentacle (Geh:4)
  A shadow dragon (Tar:7)
  2 storm dragons
  A fire giant (Geh:7)
  4 cacodemons (Pan)
  A blood saint (Pan)
  8 balrugs
  An iron dragon (Dis:7)
  A warmonger (Pan)
  A draconian scorcher (Zig:13)
  2 ghost moths
  An orc warlord (Zig:11)
  4 draconian shifters
  A black sun (Pan)
  A stone giant (shapeshifter) (Zig:14)
  A draconian zealot (Zot:5)
  A draconian annihilator (Pan)
  28 reapers
  3 war gargoyles (Dis:7)
  3 stone giants
  A very ugly thing (Zig:7)
  3 elemental wellsprings
  2 salamander stormcallers
  A deep elf demonologist (Zig:14)
  A draconian caller (Zot:5)
  2 corrupters (Pan)
  6 lorocyprocas
  2 purple draconians
  2 green draconians
  3 mottled draconians
  A white draconian (Zig:13)
  2 black draconians
  2 yellow draconians
  7 blizzard demons
  A merfolk javelineer (Zig:6)
  A kraken zombie (Coc:3)
  A fire dragon (Zot:2)
  A deep elf high priest (Zig:14)
  3 green deaths (Pan)
  2 jiangshi (Tar:7)
  A quicksilver dragon zombie (Coc:2)
  A rakshasa (Pan)
  A quicksilver dragon skeleton (Geh:7)
  5 ice dragons
  A hydra (Zig:8)
  3 monstrous demonspawn (Pan)
  3 titan zombies
  A hell hog (Geh:6)
  An orc high priest (Zig:11)
  A vampire mage (Tar:5)
  9 sun demons (Pan)
  6 soul eaters
  A shock serpent (Zig:5)
  A storm dragon zombie (Geh:7)
  A shadow wraith (Pan)
  35 skeletal warriors
  A titan skeleton (Coc:3)
  A golden dragon zombie (Geh:7)
  3 iron trolls (Dis:7)
  A hell knight (Geh:6)
  A storm dragon skeleton (Geh:3)
  2 flayed ghosts
  8 shadow demons
  3 gelid demonspawn (Pan)
  An anaconda zombie (Coc:4)
  An anaconda skeleton (Coc:4)
  3 torturous demonspawn (Pan)
  2 golden dragon skeletons
  2 phantasmal warriors
  2 iron dragon zombies
  2 necromancers
  A putrid demonspawn (Pan)
  2 shadow dragon zombies
  A shining eye (Zig:12)
  A wolf spider zombie (Dis:7)
  2 stone giant zombies
  3 oklob plants (Zig:7)
  A shadow dragon skeleton (Geh:1)
  6 fire giant zombies
  A salamander (Geh:2)
  A sphinx skeleton (Zig:9)
  A deep elf mage (Zig:14)
  A hornet (Zig:4)
  5 fire giant skeletons
  A stone giant skeleton (Coc:7)
  3 frost giant zombies
  9 rust devils
  5 dire elephant zombies
  6 sixfirhies (Pan)
  A frost giant skeleton (Coc:1)
  A shock serpent skeleton (Geh:7)
  2 iron dragon skeletons
  An ice statue (Pan)
  An apocalypse crab (Zig:7)
  5 smoke demons (Pan)
  A spectral swamp worm (Tar:7)
  4 molten gargoyles (Geh:7)
  5 orange demons (Pan)
  A dire elephant skeleton (Geh:7)
  8 hellions
  A catoblepas zombie (Dis:1)
  4 hellwings (Pan)
  12 ice devils
  19 tormentors
  2 efreet
  8 hydra zombies
  17 red devils
  A harpy zombie (Geh:1)
  15 freezing wraiths
  4 wind drakes (Pan)
  2 raiju (Zig:5)
  A minotaur zombie (Coc:5)
  A minotaur skeleton (Tar:7)
  2 bog bodies (Coc:7)
  2 fire dragon zombies
  2 slime creatures
  A hydra skeleton (Coc:6)
  2 ettin zombies
  An ice dragon zombie (Coc:7)
  6 large abominations (Pan)
  2 alligator zombies
  8 shadows
  A tarantella (Zig:4)
  2 black mamba zombies
  31 flying skulls
  An alligator skeleton (Tar:5)
  An ice dragon skeleton (Geh:5)
  An ettin skeleton (Tar:3)
  A ynoxinul (Pan)
  5 fire elementals
  A hungry ghost (Coc:5)
  8 wraiths
  A water elemental (Zig:14)
  4 chaos spawn (Pan)
  A hydra simulacrum (Tar:5)
  4 spiny frog zombies
  22 hell hounds
  5 orc warriors (Zig:11)
  A spiny frog skeleton (Coc:7)
  2 eyes of draining (Pan)
  2 manticore zombies
  4 snapping turtle zombies
  3 phantoms
  3 ice beasts
  2 ogres (Zig:11)
  A necrophage (Tar:6)
  An elf zombie (Geh:5)
  An earth elemental (Zig:14)
  14 wights
  A troll zombie (Dis:7)
  3 jellies
  4 iron imps
  A human skeleton (Tar:3)
  A tengu zombie (Geh:5)
  3 mummies
  A gnoll (Zig:11)
  4 shadow imps
  6 white imps
608 creatures vanquished.

Vanquished Creatures (others)
  A tentacled monstrosity (Zot:5)
  A titan (Pan)
  A deep elf master archer (Elf:3)
  An eldritch tentacle (Dis:5)
  A fire giant (Dis:3)
  A frost giant (Dis:5)
  A deep elf elementalist (Elf:3)
  A war gargoyle (Dis:7)
  An elemental wellspring (Coc:7)
  2 bennus (Tomb:2)
  A white draconian (Zot:5)
  A deep elf death mage (Elf:3)
  A merfolk javelineer (Depths:4)
  2 deep elf high priests (Zig:14)
  A hydra (Swamp:4)
  A yaktaur captain (Depths:5)
  2 spriggan air magi (Pan)
  3 hell hogs
  22 death scarabs (Tomb:2)
  A skeletal warrior (Tomb:2)
  2 wizards (Pan)
  7 deep elf archers
  A swamp dragon (Swamp:4)
  A lindwurm (Swamp:4)
  A salamander (Geh:2)
  A large abomination (Pan)
  A rust devil (Dis:7)
  A vault sentinel (Vaults:5)
  3 yaktaurs
  A guardian mummy (Tomb:2)
  A wind drake (Pan)
  13 flying skulls
  2 humans (Lair:7)
  2 steam dragons (Swamp:4)
  A neqoxec (Pan)
  A catoblepas simulacrum (Tomb:2)
  A chaos spawn (Pan)
  A hell hound (Geh:7)
  A giant eyeball (Elf:1)
  A slave (D:8)
  3 swamp drakes (Swamp:4)
  An orc wizard (D:11)
  A hell rat (Hell)
  2 mummies (Tomb:2)
  2 white imps (IceCv)
  2 ufetubi (IceCv)
  3 ball lightnings (Pan)
  A block of ice (Pan)
  A crawling corpse (Zig:14)
  A demonic plant (Pan)
  267 eldritch tentacle segments
  12 fungi
  8 lost souls
  12 plants
  7 tentacles
  60 tentacle segments
  4 withered plants (Crypt:3)
476 creatures vanquished.

Grand Total: 7010 creatures vanquished

Notes
Turn   | Place    | Note
--------------------------------------------------------------
     0 | D:1      | rockintein the Minotaur Berserker began the quest for the Orb.
     0 | D:1      | Reached XP level 1. HP: 19/19 MP: 0/0
   168 | D:1      | Reached XP level 2. HP: 27/27 MP: 1/1
   641 | D:1      | Reached ** piety under Trog
   700 | D:1      | Reached XP level 3. HP: 33/33 MP: 2/2
  1219 | D:2      | Found a faded altar to an unknown god.
  1328 | D:2      | Reached XP level 4. HP: 40/40 MP: 3/3
  1516 | D:2      | Reached *** piety under Trog
  1560 | D:2      | Reached skill level 5 in Axes
  1606 | D:2      | Noticed Crazy Yiuf
  1610 | D:2      | Killed Crazy Yiuf
  1687 | D:3      | Found a white marble altar of Elyvilon.
  1722 | D:3      | Noticed Malvoorn's ghost (amateur DsAK)
  1743 | D:3      | Killed Malvoorn's ghost
  1743 | D:3      | Reached XP level 5. HP: 38/47 MP: 4/4
  2342 | D:4      | Reached skill level 5 in Fighting
  2384 | D:4      | Reached XP level 6. HP: 56/56 MP: 5/5
  2437 | D:4      | Found a sacrificial altar of Ru.
  2455 | D:4      | Found Enty's Food Emporium.
  3241 | D:4      | Noticed an ice beast
  3256 | D:4      | Killed an ice beast
  3256 | D:4      | Reached skill level 5 in Armour
  3555 | D:4      | Reached XP level 7. HP: 47/61 MP: 6/6
  3904 | D:5      | Entered Level 5 of the Dungeon
  3921 | D:5      | Reached **** piety under Trog
  4256 | D:5      | Found a basalt altar of Yredelemnul.
  4809 | D:6      | Found a staircase to the Ecumenical Temple.
  4833 | D:6      | Reached XP level 8. HP: 71/71 MP: 7/7
  5076 | D:6      | Found an oddly glowing altar of Pakellas.
  5117 | D:6      | Found a shadowy altar of Dithmenos.
  5193 | D:6      | Noticed an Executioner
  5194 | D:6      | Found a burning altar of Makhleb.
  5197 | D:6      | Found a glowing silver altar of Zin.
  5197 | D:6      | Noticed an angel
  5748 | D:7      | Found Ogisot's Book Boutique.
  5813 | D:7      | Reached skill level 10 in Axes
  5992 | D:7      | Noticed Prince Ribbit
  6086 | D:7      | Found a sacrificial altar of Ru.
  6158 | D:7      | Killed Prince Ribbit
  6158 | D:7      | Reached XP level 9. HP: 53/81 MP: 8/8
  6284 | D:7      | Noticed Joseph
  6295 | D:7      | Killed Joseph
  6439 | D:7      | Found a deep blue altar of Sif Muna.
  6439 | D:7      | Found a radiant altar of Vehumet.
  6499 | D:8      | Noticed Malvoorn's ghost (novice DsAK)
  6506 | D:8      | Killed Malvoorn's ghost
  6618 | D:8      | Found an opulent altar of Gozag.
  6638 | D:8      | Reached ***** piety under Trog
  6662 | D:8      | Received a gift from Trog
  6800 | D:8      | Noticed Maurice
  6849 | D:8      | Reached XP level 10. HP: 88/91 MP: 9/9
  6966 | D:8      | Noticed Pikel
  6976 | D:8      | Killed Pikel
  7089 | D:8      | Noticed Erica
  7125 | D:8      | Killed Erica
  7597 | D:8      | Killed Maurice
  7597 | D:8      | Reached skill level 10 in Fighting
  7597 | D:8      | Reached skill level 10 in Armour
  8469 | D:9      | Reached XP level 11. HP: 71/101 MP: 10/10
  8868 | D:9      | Noticed Erolcha
  8876 | D:9      | Killed Erolcha
  9120 | D:10     | Entered Level 10 of the Dungeon
  9171 | D:10     | Found a staircase to the Lair.
  9211 | D:10     | Found Wopniurr's Armour Shoppe.
  9214 | D:10     | Bought a +1 cloak of magic resistance for 247 gold pieces
  9214 | D:10     | Bought the cursed -1 shield of the Iron Devil {rElec Int-2 Dex+5 Stlth+} for 294 gold pieces
  9238 | D:10     | Noticed Nergalle
  9252 | D:10     | Killed Nergalle
  9619 | D:10     | Found a staircase to the Orcish Mines.
  9627 | D:10     | Found a roughly hewn altar of Beogh.
  9791 | D:10     | Reached skill level 1 in Shields
  9833 | D:10     | Noticed a hill giant
  9843 | D:10     | Killed a hill giant
 10241 | D:11     | Reached skill level 15 in Axes
 10244 | D:11     | Noticed a centaur warrior
 10862 | D:11     | Killed a centaur warrior
 11230 | D:11     | Lost intelligence.
 11480 | D:11     | You fall through a shaft!
 11484 | D:12     | Noticed Maud
 11492 | D:12     | HP: 4/104 [wraith (5)]
 11743 | D:11     | Killed Maud
 11743 | D:11     | Reached XP level 12. HP: 101/112 MP: 11/11
 12081 | D:12     | Noticed Sonja
 12239 | D:12     | Noticed Frances
 12256 | D:12     | Killed Frances
 12407 | D:12     | Reached skill level 5 in Shields
 12815 | D:13     | Noticed a centaur warrior
 12828 | D:13     | Killed a centaur warrior
 13116 | D:13     | Noticed a death knight
 13142 | D:13     | Killed a death knight
 13531 | D:13     | Noticed a centaur warrior
 13531 | D:13     | Found a gate to the Vaults.
 13531 | D:13     | Noticed Norris
 13546 | D:13     | Lost intelligence.
 13555 | D:13     | Received a gift from Trog
 13564 | D:13     | Killed a centaur warrior
 13720 | D:14     | Noticed a seven-headed hydra
 13732 | D:14     | Killed a ten-headed hydra
 13732 | D:14     | Reached XP level 13. HP: 40/119 MP: 12/12
 13769 | D:14     | Found a flagged portal.
 13776 | D:14     | Got a dazzling hand axe
 13777 | D:14     | Identified the +6 hand axe "Tirelig" {chop, Dex+2} (You found it on level 14 of the Dungeon)
 13790 | Bailey   | Entered a bailey
 14057 | Bailey   | Found a bloodstained altar of Trog.
 14476 | D:13     | Found Puopazaxt's Weapon Shop.
 15087 | D:13     | Killed Norris
 15483 | D:12     | Killed Sonja
 15651 | D:12     | Noticed Rupert
 15665 | D:12     | Killed Rupert
 16354 | Temple   | Entered the Ecumenical Temple
 16485 | Lair:1   | Entered Level 1 of the Lair of Beasts
 16508 | Lair:1   | Reached XP level 14. HP: 108/130 MP: 13/13
 16518 | Lair:1   | Received a gift from Trog
 16807 | Lair:1   | Noticed mindo's ghost (novice DECj)
 16817 | Lair:1   | Killed mindo's ghost
 17924 | Lair:3   | Received a gift from Trog
 17971 | Lair:3   | Found a staircase to the Snake Pit.
 17994 | Lair:3   | Found a staircase to the Swamp.
 18021 | Lair:3   | Noticed Harold
 18035 | Lair:3   | Killed Harold
 18290 | Lair:3   | Received a gift from Trog
 19035 | Lair:4   | Reached skill level 10 in Shields
 20559 | Lair:6   | Found a shattered altar of Ashenzari.
 21171 | Lair:7   | Received a gift from Trog
 21466 | Lair:7   | Identified the Volume of Unholy Bewitchment
 21580 | Lair:7   | Found a snail-covered altar of Cheibriados.
 22440 | Lair:8   | Entered Level 8 of the Lair of Beasts
 22642 | Lair:8   | Found a staircase to the Slime Pits.
 22642 | Lair:8   | Found a viscous altar of Jiyva.
 22755 | Lair:8   | Reached skill level 15 in Fighting
 22773 | Lair:8   | Reached ****** piety under Trog
 22812 | Lair:8   | Received a gift from Trog
 22812 | Lair:8   | Reached skill level 15 in Armour
 22839 | Lair:8   | Reached XP level 15. HP: 127/141 MP: 14/14
 23259 | Lair:8   | Received a gift from Trog
 23612 | Lair:8   | Found a runed door.
 24521 | D:14     | Received a gift from Trog
 24954 | D:15     | Entered Level 15 of the Dungeon
 24978 | D:15     | Found a staircase to the Depths.
 25641 | D:15     | Noticed Roxanne
 25673 | D:15     | Killed Roxanne
 26328 | D:15     | Identified a -3 rod of ignition (11/11) (You found it on level 15 of the Dungeon)
 26509 | Orc:1    | Entered Level 1 of the Orcish Mines
 26509 | Orc:1    | Found a roughly hewn altar of Beogh.
 26512 | Orc:1    | Noticed an orc warlord
 26518 | Orc:1    | Received a gift from Trog
 26527 | Orc:1    | Killed an orc warlord
 26704 | Orc:2    | Entered Level 2 of the Orcish Mines
 26724 | Orc:2    | Reached XP level 16. HP: 123/151 MP: 11/15
 26790 | Orc:2    | Found a staircase to the Elven Halls.
 26797 | Orc:2    | Found a roughly hewn altar of Beogh.
 27187 | Orc:2    | Received a gift from Trog
 27394 | Orc:2    | Found Xixuol's Antique Armour Shoppe.
 27395 | Orc:2    | Found Qovimm's Antique Weapon Shoppe.
 27396 | Orc:2    | Found Laehione's General Store.
 27396 | Orc:2    | Found Ruipy's Book Emporium.
 27400 | Orc:2    | Bought a potion of heal wounds for 80 gold pieces
 27410 | Orc:2    | Bought a crude cloak for 285 gold pieces
 27410 | Orc:2    | Bought a pair of embroidered boots for 135 gold pieces
 27660 | Orc:2    | Identified the cursed +0 cloak "Keofam" {Regen+ Str+6} (You bought it in a shop on level 2 of the Orcish Mines)
 28006 | Orc:1    | Noticed Gastronok
 28027 | Orc:1    | Killed Gastronok
 28333 | Swamp:1  | Entered Level 1 of the Swamp
 29028 | Swamp:2  | Noticed a thorn hunter
 29043 | Swamp:2  | Killed a thorn hunter
 30244 | Swamp:3  | Received a gift from Trog
 30319 | Swamp:4  | Entered Level 4 of the Swamp
 30460 | Swamp:4  | HP: 1/154 [fire dragon/blast of flame (45)]
 31011 | Swamp:4  | Noticed a thorn hunter
 31017 | Swamp:4  | Reached XP level 17. HP: 150/161 MP: 14/16
 31250 | Swamp:4  | Got a decaying rune of Zot
 32135 | Snake:1  | Entered Level 1 of the Snake Pit
 32195 | Snake:1  | Reached skill level 1 in Evocations
 32469 | Snake:1  | You fall through a shaft!
 32555 | Snake:2  | Found a frozen archway.
 32629 | IceCv    | Entered an ice cave
 34138 | Snake:2  | Received a gift from Trog
 34353 | Snake:3  | Noticed Aizul
 34359 | Snake:3  | Killed Aizul
 34392 | Snake:3  | Noticed Donald
 34399 | Snake:3  | Killed Donald
 34849 | Snake:4  | Entered Level 4 of the Snake Pit
 34963 | Snake:4  | Noticed rockintein's ghost (adept MiBe)
 35288 | Snake:4  | Received a gift from Trog
 35324 | Snake:4  | Reached XP level 18. HP: 160/171 MP: 17/19
 35694 | Snake:4  | Killed rockintein's ghost
 35876 | Snake:4  | Received a gift from Trog
 35887 | Snake:4  | Reached skill level 15 in Shields
 36162 | Snake:4  | Got a serpentine rune of Zot
 37177 | Slime:1  | Entered Level 1 of the Pits of Slime
 37335 | Slime:1  | Found a viscous altar of Jiyva.
 37856 | Vaults:1 | Entered Level 1 of the Vaults
 38228 | Vaults:1 | Received a gift from Trog
 38380 | Vaults:1 | Reached skill level 5 in Evocations
 39270 | Vaults:2 | Received a gift from Trog
 39829 | Vaults:2 | Reached XP level 19. HP: 169/180 MP: 20/22
 40028 | Vaults:2 | Found Bekes's Magic Scroll Shoppe.
 40034 | Vaults:2 | Bought a scroll of acquirement for 572 gold pieces
 40034 | Vaults:2 | Bought a scroll of enchant armour for 82 gold pieces
 40458 | Vaults:3 | Received a gift from Trog
 40777 | Vaults:3 | Found Yrood's Magic Scroll Boutique.
 40783 | Vaults:3 | Bought a scroll of enchant weapon for 82 gold pieces
 40783 | Vaults:3 | Bought a scroll of blinking for 82 gold pieces
 40783 | Vaults:3 | Bought a scroll of enchant armour for 82 gold pieces
 40783 | Vaults:3 | Bought a scroll of blinking for 82 gold pieces
 40848 | Vaults:3 | Noticed Sojobo
 41178 | Vaults:2 | Killed Sojobo
 41599 | Vaults:3 | Noticed a bone dragon
 41616 | Vaults:3 | Killed a bone dragon
 41628 | Vaults:3 | Found a staircase to the Crypt.
 41726 | Vaults:3 | Cast into level 2 of the Abyss (a deep elf sorcerer)
 41771 | Vaults:3 | Escaped the Abyss
 41908 | Vaults:4 | Found a flickering gateway to a bazaar.
 41953 | Bazaar   | Entered a bazaar
 41954 | Bazaar   | Found Faxevupn's Book Emporium.
 41954 | Bazaar   | Found Qiemofib's Jewellery Emporium.
 41955 | Bazaar   | Found Qixanim's Book Boutique.
 41986 | Bazaar   | Found Piplas's Antique Armour Shop.
 41994 | Bazaar   | Bought a steaming plate armour for 672 gold pieces
 41994 | Bazaar   | Bought a steaming cloak for 228 gold pieces
 41994 | Bazaar   | Bought the +2 pair of fencer's gloves {LBl+4 SBl+4 EV+3 Dex+6} for 1120 gold pieces
 42014 | Bazaar   | Identified the +10 plate armour of Heresy {rN+} (You bought it in a shop in a bazaar)
 42024 | Bazaar   | Identified the cursed +0 cloak "Isuhukhaloc" {+Blink MR- Dex+5} (You bought it in a shop in a bazaar)
 42045 | Bazaar   | Bought a scorched plate armour for 672 gold pieces
 42089 | Bazaar   | Identified the +5 plate armour of Honour {rPois MR+++ Int+2 Dex-4 Stlth+} (You bought it in a shop in a bazaar)
 42166 | Vaults:4 | Received a gift from Trog
 42203 | Vaults:4 | Reached XP level 20. HP: 185/191 MP: 21/23
 43068 | Vaults:5 | Entered Level 5 of the Vaults
 43082 | Vaults:4 | Received a gift from Trog
 43596 | Vaults:5 | Received a gift from Trog
 43675 | Vaults:5 | Got a dazzling shortbow {god gift}
 43707 | Vaults:5 | Noticed a golden dragon
 43717 | Vaults:5 | Killed a golden dragon
 43742 | Vaults:5 | Reached XP level 21. HP: 174/201 MP: 24/24
 44089 | Vaults:5 | Noticed an ancient lich
 44106 | Vaults:5 | Killed an ancient lich
 44303 | Vaults:5 | Identified the +9 shortbow of Noon {speed, rN+ Int+4} (Trog gifted it to you on level 5 of the Vaults)
 44455 | Vaults:5 | Noticed a golden dragon
 44464 | Vaults:5 | Killed a golden dragon
 44735 | Vaults:5 | Got an uncursed transparent long sword {slice}
 44969 | Vaults:5 | Got a silver rune of Zot
 45007 | Vaults:5 | Received a gift from Trog
 45022 | Vaults:5 | Identified the +7 long sword of Xiwuot {slice, *Rage MR+ MP+9} (You took it off an ironheart preserver on level 5 of the Vaults)
 45165 | Vaults:5 | Got a fine hand axe {drain}
 45169 | Vaults:5 | Got a faintly humming fire dragon armour
 45176 | Vaults:5 | Identified the +9 hand axe of Biliun {drain, MR+ Str-5 Int+6} (You took it off a deep elf annihilator on level 5 of the Vaults)
 45178 | Vaults:5 | Identified the +1 fire dragon armour "Koradan" {rF++ rC- rN+++ Dex-4 Slay+3 Stlth-} (You found it on level 5 of the Vaults)
 45186 | Vaults:5 | Identified Sif Muna's Incunabulum of the Glacier and Transmigration (You found it on level 5 of the Vaults)
 45190 | Vaults:5 | Identified the Volume of the Earth
 46662 | Slime:4  | Reached skill level 27 in Axes
 47059 | Slime:5  | Gained mutation: You expend magic power (3 MP) to strengthen your wands. [a shining eye]
 47062 | Slime:5  | Gained mutation: Your spells are a little easier to cast, but a little less powerful. [a shining eye]
 47246 | Slime:5  | Received a gift from Trog
 47368 | Slime:4  | Reached XP level 22. HP: 211/211 MP: 25/25
 47569 | Slime:3  | Received a gift from Trog
 47728 | Slime:6  | Entered Level 6 of the Pits of Slime
 47757 | Slime:6  | Gained mutation: You tend to lose your temper in combat. [a shining eye]
 47776 | Slime:6  | Gained mutation: Your body sometimes deteriorates upon taking damage. [a shining eye]
 47895 | Slime:6  | Noticed the Royal Jelly
 47907 | Slime:6  | Killed the Royal Jelly
 48110 | Slime:6  | Gained mutation: You are frail (-10% HP). [a shining eye]
 48248 | Slime:6  | Got a slimy rune of Zot
 48260 | Slime:6  | Got a smoking lapis lazuli ring
 48279 | Slime:6  | Got a pair of spiked boots
 48300 | Slime:6  | Got a polished broad axe
 48360 | Slime:6  | Received a gift from Trog
 48382 | Slime:6  | Identified the cursed +3 broad axe of Jeluarox {elec, +Fly MR+ Dex+3} (You found it on level 6 of the Pits of Slime)
 48383 | Slime:6  | Identified the +0 pair of boots of the Armoured One {+Fly} (You found it on level 6 of the Pits of Slime)
 48384 | Slime:6  | Identified the ring of the Purple Skies {EV+3 Str+4} (You found it on level 6 of the Pits of Slime)
 48876 | Temple   | Lost mutation: You tend to lose your temper in combat. [potion of cure mutation]
 48876 | Temple   | Lost mutation: You are frail (-10% HP). [potion of cure mutation]
 48876 | Temple   | Lost mutation: Your body sometimes deteriorates upon taking damage. [potion of cure mutation]
 48876 | Temple   | Lost mutation: You expend magic power (3 MP) to strengthen your wands. [potion of cure mutation]
 48876 | Temple   | Lost mutation: Your spells are a little easier to cast, but a little less powerful. [potion of cure mutation]
 49009 | Elf:1    | Entered Level 1 of the Elven Halls
 49231 | Elf:1    | Found Woshric's Antique Armour Shop.
 49236 | Elf:1    | Bought a pair of heavily runed boots for 304 gold pieces
 49236 | Elf:1    | Identified the +0 pair of boots of Xom's Hope {rPois} (You bought it in a shop on level 1 of the Elven Halls)
 49367 | Elf:1    | Found Cesygub's Gadget Boutique.
 49418 | Elf:1    | Received a gift from Trog
 49585 | Elf:1    | Identified the Incunabulum of Arcane Weapons
 49701 | Elf:1    | Found Plog's General Store.
 49704 | Elf:1    | Bought a potion of curing for 48 gold pieces
 49899 | Elf:2    | Received a gift from Trog
 50084 | Elf:2    | Found a huge runed gate.
 50084 | Elf:2    | Found a huge runed gate.
 50084 | Elf:2    | Found a huge runed gate.
 50089 | Elf:2    | Found a huge runed gate.
 50090 | Elf:2    | Found a huge runed gate.
 50791 | Elf:3    | Entered Level 3 of the Elven Halls
 50912 | Elf:3    | Received a gift from Trog
 50930 | Elf:3    | Reached XP level 23. HP: 223/223 MP: 26/26
 51737 | Elf:3    | Received a gift from Trog
 52184 | Elf:3    | Got a coiled silver ring
 52221 | Elf:3    | Got a vibrating golden amulet
 52222 | Elf:3    | Identified the amulet "Buyryerch" {Reflect rElec Str+3 Int+4 SH+2} (You found it on level 3 of the Elven Halls)
 52225 | Elf:3    | Identified the ring "Anganaff" {rF+ rN+ MR+ Int-5 Dex+3} (You found it on level 3 of the Elven Halls)
 52654 | D:10     | Reached skill level 5 in Dodging
 52883 | Temple   | Fell from the grace of Trog
 52883 | Temple   | Became a worshipper of the Shining One
 53066 | Depths:1 | Entered Level 1 of the Depths
 53066 | Depths:1 | Found a gateway to Hell.
 53084 | Depths:1 | Gained mutation: You regenerate slowly when monsters are visible. [a cacodemon]
 53093 | Depths:1 | Reached * piety under the Shining One
 53104 | Depths:1 | Found a one-way gate leading to the halls of Pandemonium.
 53187 | Depths:1 | Reached ** piety under the Shining One
 53424 | Depths:1 | Found a gateway to a ziggurat.
 53469 | Depths:1 | Found a one-way gate to the infinite horrors of the Abyss.
 53806 | Depths:2 | Reached *** piety under the Shining One
 53847 | Depths:2 | Noticed Louise
 53857 | Depths:2 | Killed Louise
 54078 | Depths:2 | Reached **** piety under the Shining One
 54286 | Depths:2 | Reached XP level 24. HP: 193/237 MP: 26/26
 55109 | Depths:2 | Reached ***** piety under the Shining One
 55123 | Depths:2 | Got a pitted bone amulet
 55137 | Depths:2 | Identified the amulet of Ocruusuk {Reflect MR+ SH+5} (You took it off a frost giant on level 2 of the Depths)
 55649 | Lair:3   | Paralysed by Trog for 5 turns
 55838 | Elf:1    | Bought a shiny shield for 144 gold pieces
 56628 | Depths:3 | Found a portal to a secret trove of treasure.
 57122 | Depths:3 | Paralysed by a giant eyeball for 4 turns
 57434 | Depths:3 | You paid a toll of a +5 demon blade to enter a treasure trove
 57435 | Trove    | Entered a treasure trove
 57442 | Trove    | Got a bound platinum ring
 57448 | Trove    | Got a wavering lead ring
 57460 | Trove    | Got a brightly glowing iron ring
 57464 | Trove    | Got a clouded jade ring
 57465 | Trove    | Identified the ring of Loisay {rC+ rN+ MP+9} (You found it in a treasure trove)
 57466 | Trove    | Identified the cursed ring "Awki Pin" {*Contam *Corrode rF+++ MP+9 Int-5} (You found it in a treasure trove)
 57467 | Trove    | Identified the ring "Tyogef Gumo" {Str+5 Dex+3} (You found it in a treasure trove)
 57468 | Trove    | Identified the ring of Heffoar {rElec rC+ Int-4 Dex+3 Slay+4} (You found it in a treasure trove)
 57621 | Depths:4 | Found a runed door.
 57829 | Depths:4 | Reached ****** piety under the Shining One
 58211 | Depths:4 | Was forgiven by Trog
 58315 | Depths:4 | Reached skill level 10 in Dodging
 58384 | Depths:4 | Identified a +9 broad axe of holy wrath (a +9 broad axe of freezing blessed by the Shining One)
 58384 | Depths:4 | Received a gift from the Shining One
 58396 | Depths:4 | Reached XP level 25. HP: 249/249 MP: 26/26
 58770 | Depths:4 | Got a glittering lead ring
 58771 | Depths:4 | Identified the ring of Riugeblo {+Fly rPois Stlth+} (You took it off a hell knight on level 4 of the Depths)
 59390 | Depths:4 | Got an iridescent hand axe {freeze}
 59399 | Depths:4 | Identified the cursed +2 hand axe of the Pill Bug {freeze, Stlth+} (You took it off a yaktaur on level 4 of the Depths)
 59419 | Depths:4 | Reached skill level 1 in Invocations
 59425 | Depths:4 | Identified the Volume of Excruciating Necromancy
 59430 | Depths:4 | Identified the Incunabulum of the Unstable Escort
 59491 | Depths:4 | Identified Mifaemes's Volume of Icy Darkness
 59613 | Depths:4 | Got an ebony arbalest
 59614 | Depths:4 | Identified the +6 arbalest of Misery {penet, rPois} (You took it off an orc priest on level 4 of the Depths)
 59804 | Depths:5 | Entered Level 5 of the Depths
 59864 | Depths:5 | Found Ellazimp's Magic Scroll Shop.
 59906 | Depths:5 | Found Atsiyx's Distillery.
 60013 | Depths:5 | Found a flickering gateway to a bazaar.
 60024 | Depths:5 | Noticed a juggernaut
 60054 | Depths:5 | Killed a juggernaut
 60057 | Bazaar   | Entered a bazaar
 60081 | Bazaar   | Found Ceudwape's Food Boutique.
 60106 | Bazaar   | Found Dumenena's Food Boutique.
 60131 | Bazaar   | Found Cocip's Food Boutique.
 60145 | Bazaar   | Found Piuddan's Assorted Antiques.
 60179 | Bazaar   | Bought a steaming plate armour for 756 gold pieces
 60184 | Bazaar   | Lost intelligence.
 60191 | Bazaar   | Identified the +4 plate armour of Beyond {*Contam rF++ MR+ rCorr} (You bought it in a shop in a bazaar)
 60231 | Bazaar   | Gained mutation: Your body sometimes deteriorates upon taking damage. [mutagenic glow]
 60251 | Bazaar   | Bought a royal jelly for 18 gold pieces
 60724 | Depths:5 | Found a gate to the Realm of Zot.
 61123 | Depths:5 | Bought a potion of curing for 51 gold pieces
 61123 | Depths:5 | Bought a potion of curing for 51 gold pieces
 61123 | Depths:5 | Bought 2 potions of haste for 340 gold pieces
 61123 | Depths:5 | Bought a potion of curing for 51 gold pieces
 62001 | Crypt:1  | Entered Level 1 of the Crypt
 63326 | Crypt:2  | Reached skill level 5 in Invocations
 63341 | Crypt:2  | Noticed Xtahua
 63349 | Crypt:2  | Killed Xtahua
 63349 | Crypt:2  | Reached XP level 26. HP: 262/262 MP: 28/28
 63467 | Crypt:2  | Found a huge runed gate.
 63467 | Crypt:2  | Found a huge runed gate.
 63467 | Crypt:2  | Found a huge runed gate.
 63468 | Crypt:2  | Found a huge runed gate.
 63477 | Crypt:2  | Found a huge runed gate.
 63534 | Crypt:2  | Found a huge runed gate.
 63534 | Crypt:2  | Found a huge runed gate.
 63534 | Crypt:2  | Found a huge runed gate.
 63536 | Crypt:2  | Found a huge runed gate.
 63536 | Crypt:2  | Found a huge runed gate.
 63536 | Crypt:2  | Found a huge runed gate.
 63537 | Crypt:2  | Found a huge runed gate.
 63537 | Crypt:2  | Found a huge runed gate.
 63538 | Crypt:2  | Found a huge runed gate.
 63548 | Crypt:2  | Found a huge runed gate.
 63548 | Crypt:2  | Found a huge runed gate.
 63548 | Crypt:2  | Found a huge runed gate.
 63548 | Crypt:2  | Found a huge runed gate.
 63548 | Crypt:2  | Found a huge runed gate.
 63548 | Crypt:2  | Found a huge runed gate.
 63548 | Crypt:2  | Found a huge runed gate.
 63549 | Crypt:2  | Found a huge runed gate.
 63550 | Crypt:2  | Found a huge runed gate.
 63631 | Crypt:2  | Found a huge runed gate.
 63632 | Crypt:2  | Found a huge runed gate.
 63633 | Crypt:2  | Found a huge runed gate.
 63634 | Crypt:2  | Found a huge runed gate.
 63635 | Crypt:2  | Found a huge runed gate.
 63645 | Crypt:2  | Found a huge runed gate.
 63645 | Crypt:2  | Found a huge runed gate.
 63645 | Crypt:2  | Found a huge runed gate.
 63645 | Crypt:2  | Found a huge runed gate.
 63853 | Crypt:2  | Noticed an ancient lich
 63853 | Crypt:2  | Noticed an ancient lich
 63869 | Crypt:2  | Killed an ancient lich
 63870 | Crypt:2  | Killed an ancient lich
 63875 | Crypt:2  | Reached skill level 10 in Evocations
 63940 | Crypt:3  | Entered Level 3 of the Crypt
 64750 | Crypt:3  | Reached skill level 27 in Fighting
 64780 | Crypt:3  | Found an ancient bone altar of Kikubaaqudgha.
 64938 | Crypt:3  | Noticed an ancient lich
 64949 | Crypt:3  | Killed an ancient lich
 64958 | Crypt:3  | Got a coiled lead ring
 64962 | Crypt:3  | Got a glittering copper ring
 64962 | Crypt:3  | Got a vibrating wooden ring
 65155 | Crypt:3  | Found a staircase to the Tomb.
 65527 | Crypt:3  | Identified the ring of Xoixun {+Blink +Fly rPois MR+ Str-4} (You found it on level 3 of the Crypt)
 65528 | Crypt:3  | Identified the ring of the Tortoise {rPois rN+ MR+} (You found it on level 3 of the Crypt)
 65529 | Crypt:3  | Identified the ring "Diaqua Cuse" {rN+ MR++ MP+9 Int+2 Dex-4} (You found it on level 3 of the Crypt)
 65888 | Tomb:1   | Entered Level 1 of the Tomb of the Ancients
 66033 | Tomb:1   | Noticed a greater mummy
 66046 | Tomb:1   | Killed a greater mummy
 66096 | Tomb:1   | Reached XP level 27. HP: 266/271 MP: 31/31
 66249 | Tomb:1   | Noticed a greater mummy
 66269 | Tomb:1   | Killed a greater mummy
 67156 | Tomb:2   | Noticed a greater mummy
 67157 | Tomb:2   | Noticed a greater mummy
 67158 | Tomb:2   | Noticed a greater mummy
 67245 | Tomb:2   | Noticed a greater mummy
 67838 | Tomb:1   | Killed a greater mummy
 67929 | Tomb:1   | Killed a greater mummy
 67930 | Tomb:1   | Lost intelligence.
 68212 | Tomb:1   | Lost intelligence.
 68436 | Tomb:1   | Killed a greater mummy
 68438 | Tomb:1   | Killed a greater mummy
 68438 | Tomb:1   | Reached skill level 10 in Invocations
 68877 | Tomb:1   | Noticed a greater mummy
 68888 | Tomb:1   | Killed a greater mummy
 68893 | Tomb:1   | Noticed a greater mummy
 68901 | Tomb:1   | Killed a greater mummy
 69021 | Tomb:1   | Noticed a greater mummy
 69027 | Tomb:1   | Killed a greater mummy
 69031 | Tomb:1   | Noticed a greater mummy
 69048 | Tomb:1   | Killed a greater mummy
 69088 | Tomb:1   | Noticed a greater mummy
 69165 | Tomb:1   | Noticed a greater mummy
 69172 | Tomb:1   | Killed a greater mummy
 69195 | Tomb:1   | Killed a greater mummy
 69197 | Tomb:1   | Noticed a greater mummy
 69208 | Tomb:1   | Killed a greater mummy
 69215 | Tomb:1   | Noticed a greater mummy
 69219 | Tomb:1   | Noticed a greater mummy
 69223 | Tomb:1   | Killed a greater mummy
 69231 | Tomb:1   | Killed a greater mummy
 69265 | Tomb:1   | Noticed a greater mummy
 69270 | Tomb:1   | Killed a greater mummy
 69302 | Tomb:1   | Noticed a greater mummy
 69312 | Tomb:1   | Killed a greater mummy
 69435 | Tomb:1   | Noticed a greater mummy
 69445 | Tomb:1   | Killed a greater mummy
 69446 | Tomb:1   | Noticed a greater mummy
 69473 | Tomb:1   | Killed a greater mummy
 69557 | Tomb:1   | Noticed a greater mummy
 69564 | Tomb:1   | Killed a greater mummy
 70034 | Tomb:3   | Entered Level 3 of the Tomb of the Ancients
 70080 | Tomb:3   | Noticed a greater mummy
 70233 | Tomb:3   | Noticed a greater mummy
 70239 | Tomb:3   | Noticed a greater mummy
 70472 | Tomb:3   | Lost intelligence.
 70782 | Tomb:3   | Noticed an ancient lich
 70959 | Tomb:2   | Killed a greater mummy
 71007 | Tomb:2   | Killed a greater mummy
 71008 | Tomb:2   | Killed a greater mummy
 71167 | Tomb:2   | Killed an ancient lich
 71335 | Tomb:3   | Noticed a greater mummy
 71343 | Tomb:3   | Noticed a greater mummy
 71343 | Tomb:3   | Killed a greater mummy
 71536 | Tomb:3   | Killed a greater mummy
 71537 | Tomb:3   | Noticed a greater mummy
 71547 | Tomb:3   | Killed a greater mummy
 71549 | Tomb:3   | Noticed a greater mummy
 71558 | Tomb:3   | Killed a greater mummy
 71661 | Tomb:3   | Noticed a greater mummy
 71669 | Tomb:3   | Killed a greater mummy
 71939 | Tomb:3   | Got a golden rune of Zot
 72126 | Tomb:3   | Identified the Tome of Lucky Flames
 72130 | Tomb:3   | Got a fine sapphire amulet
 72169 | Tomb:3   | Noticed Boris
 72175 | Tomb:3   | Killed Boris
 72255 | Tomb:3   | Identified the amulet "Lumnur" {RegenMP Str+2 Int+3} (You found it on level 3 of the Tomb of the Ancients)
 73042 | Temple   | Identified a +3 rod of inaccuracy (9/9) (You found it on level 3 of the Crypt)
 73043 | Temple   | Identified a +4 rod of ignition (11/11) (You found it on level 3 of the Tomb of the Ancients)
 73299 | Depths:1 | Voluntarily entered the Abyss.
 73306 | Abyss:1  | Got a twisted plate armour
 73328 | Abyss:1  | Identified the cursed +0 plate armour "Hexteo" {rF+} (You found it on level 1 of the Abyss)
 74028 | Abyss:3  | Gained mutation: Your spells are a little easier to cast, but a little less powerful. [a shining eye]
 74091 | Abyss:3  | Got an abyssal rune of Zot
 74095 | Depths:1 | Escaped the Abyss
 74145 | Hell     | Entered the Vestibule of Hell
 74145 | Hell     | Noticed Geryon
 74156 | Hell     | Killed Geryon
 74168 | Hell     | Noticed Murray
 74206 | Hell     | Killed Murray
 74244 | Hell     | Reached skill level 15 in Evocations
 74347 | Hell     | Found a gateway to the decaying netherworld of Tartarus.
 74393 | Hell     | Found a gateway to the ashen valley of Gehenna.
 74445 | Hell     | Found a gateway to the Iron City of Dis.
 74528 | Hell     | Found a gateway to the freezing wastes of Cocytus.
 74544 | Hell     | Reached skill level 15 in Invocations
 74671 | Tar:1    | Entered Level 1 of Tartarus
 75228 | Tar:1    | Reached skill level 27 in Armour
 76056 | Tar:2    | Reached skill level 15 in Dodging
 77818 | Tar:3    | Reached skill level 27 in Shields
 79690 | Tar:6    | Lost intelligence.
 79899 | Tar:7    | Entered Level 7 of Tartarus
 80661 | Tar:7    | Got a pitted golden ring
 80898 | Tar:7    | Identified Palenesh's Grimoire of Assistive Stolen Souls
 81014 | Tar:7    | Noticed Ereshkigal
 81031 | Tar:7    | Killed Ereshkigal
 81043 | Tar:7    | HP: 13/263 [poisoned by a Tzitzimitl (dark miasma)]
 81525 | Tar:7    | Got a twitching tin ring
 81531 | Tar:7    | Got a bound copper ring
 81533 | Tar:7    | Got a bone rune of Zot
 81539 | Tar:7    | Identified the Catalogue of the Glacial Blaze
 81547 | Tar:7    | Identified the ring "Jaryipil" {rElec rPois MP+9 Str+5 Dex+5} (You found it on level 7 of Tartarus)
 81549 | Tar:7    | Identified the ring of Meewal {rCorr +Fly MR++ Str-3 Stlth+} (You found it on level 7 of Tartarus)
 81551 | Tar:7    | Identified the ring of Sus Ponoize {*Drain MR+ Int+4 SInv} (You found it on level 7 of Tartarus)
 82119 | Tar:7    | Gained mutation: You expend magic power (3 MP) to strengthen your wands. [mutagenic glow]
 82620 | Geh:1    | Entered Level 1 of Gehenna
 82970 | Geh:2    | Lost intelligence.
 83379 | Geh:4    | Lost intelligence.
 83797 | Geh:7    | Entered Level 7 of Gehenna
 84135 | Geh:7    | Noticed the Serpent of Hell
 84146 | Geh:7    | Killed the Serpent of Hell
 84483 | Geh:7    | Noticed Asmodeus
 84505 | Geh:7    | Killed Asmodeus
 84534 | Geh:7    | Got an obsidian rune of Zot
 84580 | Geh:7    | Identified a +1 pair of boots of running (You found it on level 7 of Gehenna)
 84756 | Dis:1    | Entered Level 1 of the Iron City of Dis
 84788 | Dis:1    | Reached skill level 1 in Stealth
 85721 | Dis:2    | Reached skill level 5 in Stealth
 86985 | Dis:3    | Gained mutation: Your body often deteriorates upon taking damage. [mutagenic glow]
 87045 | Dis:3    | Gained mutation: Your spells are easier to cast, but less powerful. [mutagenic glow]
 89136 | Dis:7    | Entered Level 7 of the Iron City of Dis
 89189 | Dis:7    | Reached skill level 10 in Stealth
 89710 | Dis:7    | Gained mutation: You are dopey. (Int -2) [mutagenic glow]
 90156 | Dis:7    | Noticed Dispater
 90167 | Dis:7    | Killed Dispater
 90190 | Dis:7    | Got an iron rune of Zot
 91124 | Coc:1    | Entered Level 1 of Cocytus
 91387 | Temple   | Lost mutation: Your spells are easier to cast, but less powerful. [potion of cure mutation]
 91387 | Temple   | Lost mutation: Your spells are a little easier to cast, but a little less powerful. [potion of cure mutation]
 91387 | Temple   | Lost mutation: You expend magic power (3 MP) to strengthen your wands. [potion of cure mutation]
 91852 | Coc:1    | Reached skill level 1 in Spellcasting
 93656 | Coc:6    | Reached skill level 27 in Invocations
 93817 | Coc:6    | Gained mutation: You are clumsy. (Dex -2) [mutagenic glow]
 93878 | Coc:7    | Entered Level 7 of Cocytus
 93883 | Coc:7    | Reached skill level 5 in Spellcasting
 94114 | Coc:7    | Noticed Antaeus
 94142 | Coc:7    | Killed Antaeus
 94160 | Coc:7    | Got an icy rune of Zot
 94162 | Coc:7    | Identified Vaippyxo's Papyrus of the Rocks and Enhancements
 94421 | Coc:7    | Reached skill level 27 in Dodging
 95417 | Temple   | Learned a level 6 spell: Haste
 95426 | Temple   | Learned a level 8 spell: Discord
 95430 | Temple   | Learned a level 1 spell: Infusion
 95656 | Zig:1    | Entered Level 1 of a ziggurat
 95659 | Zig:1    | Noticed Otuel the pandemonium lord
 95669 | Zig:1    | Killed Otuel the pandemonium lord
 95685 | Zig:2    | Entered Level 2 of a ziggurat
 95696 | Zig:2    | Reached skill level 1 in Charms
 95717 | Zig:3    | Entered Level 3 of a ziggurat
 95720 | Zig:3    | Noticed a juggernaut
 95723 | Zig:3    | Reached skill level 1 in Hexes
 95732 | Zig:3    | Killed a juggernaut
 95754 | Zig:4    | Entered Level 4 of a ziggurat
 95793 | Zig:5    | Entered Level 5 of a ziggurat
 95819 | Zig:5    | Identified the Handbook of Ashen Execration
 95821 | Zig:5    | Identified the Almanac of Confrontation and Flames
 95957 | Zig:6    | Entered Level 6 of a ziggurat
 96030 | Zig:7    | Entered Level 7 of a ziggurat
 96083 | Zig:8    | Entered Level 8 of a ziggurat
 96290 | Zig:9    | Entered Level 9 of a ziggurat
 96372 | Zig:10   | Entered Level 10 of a ziggurat
 96408 | Zig:10   | Identified the Tome of Creative Execration
 96417 | Zig:10   | Identified a +0 pair of boots of running (You found it on level 10 of a ziggurat)
 96516 | Zig:11   | Entered Level 11 of a ziggurat
 96573 | Zig:11   | Noticed a juggernaut
 96585 | Zig:11   | Killed a juggernaut
 96631 | Zig:11   | Identified the Grimoire of Snow and Weightlessness
 96782 | Zig:12   | Entered Level 12 of a ziggurat
 96828 | Zig:12   | Gained mutation: Armour fits poorly on your strangely shaped body. [a shining eye]
 96849 | Zig:12   | Identified the Grimoire of Summoning
 96859 | Zig:12   | Lost mutation: Your body often deteriorates upon taking damage. [potion of cure mutation]
 96859 | Zig:12   | Lost mutation: You regenerate slowly when monsters are visible. [potion of cure mutation]
 96859 | Zig:12   | Lost mutation: Your body sometimes deteriorates upon taking damage. [potion of cure mutation]
 96859 | Zig:12   | Lost mutation: You are clumsy. (Dex -2) [potion of cure mutation]
 96902 | Zig:13   | Entered Level 13 of a ziggurat
 96918 | Zig:13   | Reached skill level 10 in Spellcasting
 96927 | Zig:13   | Reached skill level 5 in Hexes
 96946 | Zig:13   | Reached skill level 5 in Charms
 97010 | Zig:14   | Entered Level 14 of a ziggurat
 97222 | Depths:1 | Lost mutation: You are dopey. (Int -2) [potion of cure mutation]
 97222 | Depths:1 | Lost mutation: Armour fits poorly on your strangely shaped body. [potion of cure mutation]
 97223 | Depths:1 | Gained mutation: Your mind is acute. (Int +2) [potion of beneficial mutation]
 97680 | Pan      | Entered Pandemonium
 97811 | Pan      | Noticed Pacainn the pandemonium lord
 97823 | Pan      | Killed Pacainn the pandemonium lord
 98135 | Pan      | Noticed M4edhros's ghost (legendary OpAr)
 98154 | Pan      | Killed M4edhros's ghost
 98615 | Pan      | Found an exit through the horrors of the Abyss.
 99199 | Pan      | Found an exit through the horrors of the Abyss.
 99224 | Pan      | Got a shimmering plate armour
 99225 | Pan      | Identified the +10 plate armour of the Meadowlark {rC+} (You found it in Pandemonium)
 99774 | Pan      | Found an exit through the horrors of the Abyss.
 99782 | Pan      | Noticed Nyamer the pandemonium lord
 99793 | Pan      | Killed Nyamer the pandemonium lord
100675 | Pan      | Got a smelly plate armour
100676 | Pan      | Identified the cursed +0 plate armour of Coronation {*Confuse rCorr Dex+2} (You found it in Pandemonium)
100912 | Pan      | Found an exit through the horrors of the Abyss.
101018 | Pan      | Noticed Xezxarch the pandemonium lord
101028 | Pan      | Killed Xezxarch the pandemonium lord
101887 | Pan      | Noticed Areikh the pandemonium lord
101900 | Pan      | Killed Areikh the pandemonium lord
101936 | Pan      | Found an exit through the horrors of the Abyss.
102555 | Pan      | Found an exit through the horrors of the Abyss.
102641 | Pan      | Reached skill level 10 in Charms
102699 | Pan      | Reached skill level 10 in Hexes
102834 | Pan      | Noticed Mosie the pandemonium lord
102840 | Pan      | Killed Mosie the pandemonium lord
102869 | Pan      | Identified Egedohoa's Almanac of Evil Shape Shifting
103520 | Pan      | Found an exit through the horrors of the Abyss.
103713 | Pan      | Noticed Sotieraf the pandemonium lord
103718 | Pan      | Killed Sotieraf the pandemonium lord
103750 | Pan      | Gained mutation: You are frail (-10% HP). [a cacodemon]
103968 | Pan      | Found an exit through the horrors of the Abyss.
104489 | Pan      | Found an exit through the horrors of the Abyss.
104802 | Pan      | Noticed Syhetoni the pandemonium lord
104818 | Pan      | Killed Syhetoni the pandemonium lord
105025 | Pan      | Entered the realm of Cerebov.
105028 | Pan      | Noticed Cerebov
105037 | Pan      | Got a fiery rune of Zot
105593 | Pan      | Killed Cerebov
105718 | Pan      | Found an exit through the horrors of the Abyss.
105861 | Pan      | Noticed Wyipp the pandemonium lord
105868 | Pan      | Killed Wyipp the pandemonium lord
106837 | Pan      | Found an exit through the horrors of the Abyss.
106886 | Pan      | Got a demonic rune of Zot
107038 | Pan      | Entered the realm of Gloorx Vloq.
107107 | Pan      | Found an exit through the horrors of the Abyss.
107542 | Pan      | Noticed Gloorx Vloq
107550 | Pan      | Killed Gloorx Vloq
107574 | Pan      | Got a dark rune of Zot
107931 | Pan      | Noticed Zony the pandemonium lord
107941 | Pan      | Killed Zony the pandemonium lord
108129 | Pan      | Reached skill level 15 in Spellcasting
108311 | Pan      | Found an exit through the horrors of the Abyss.
108487 | Pan      | Noticed Plog the pandemonium lord
108497 | Pan      | Killed Plog the pandemonium lord
108607 | Pan      | Found an exit through the horrors of the Abyss.
108912 | Pan      | Entered the realm of Lom Lobon.
109341 | Pan      | Noticed Lom Lobon
109367 | Pan      | Killed Lom Lobon
109449 | Pan      | Got a magical rune of Zot
109870 | Pan      | Found an exit through the horrors of the Abyss.
109911 | Pan      | Entered the realm of Mnoleg.
110019 | Pan      | Found an exit through the horrors of the Abyss.
110097 | Pan      | Noticed Mnoleg
110099 | Pan      | Gained mutation: You are very frail (-20% HP). [a cacodemon]
110107 | Pan      | Killed Mnoleg
110130 | Pan      | Got a glowing rune of Zot
110650 | Pan      | Lost mutation: Your mind is acute. (Int +2) [a neqoxec]
110651 | Pan      | Lost intelligence.
110773 | Pan      | Gained mutation: You tend to lose your temper in combat. [a cacodemon]
110849 | Pan      | Took an exit into the Abyss.
110849 | Abyss:1  | Escaped into the Abyss
110855 | Depths:1 | Escaped the Abyss
111055 | Zot:1    | Entered Level 1 of the Realm of Zot
111689 | Zot:2    | Got a brightly glowing plate armour
111690 | Zot:2    | Identified the +7 plate armour of the Elven Halls {rElec rN+} (You found it on level 2 of the Realm of Zot)
111721 | Zot:2    | Lost mutation: You are very frail (-20% HP). [potion of cure mutation]
111721 | Zot:2    | Lost mutation: You are frail (-10% HP). [potion of cure mutation]
111721 | Zot:2    | Lost mutation: You tend to lose your temper in combat. [potion of cure mutation]
112001 | Zot:5    | Entered Level 5 of the Realm of Zot
112221 | Zot:5    | Noticed an ancient lich
112226 | Zot:5    | Killed an ancient lich
112353 | Zot:5    | Noticed an ancient lich
112370 | Zot:5    | Killed an ancient lich
112370 | Zot:5    | Reached skill level 15 in Charms
112416 | Zot:5    | Noticed an ancient lich
112424 | Zot:5    | Killed an ancient lich
112469 | Zot:5    | Noticed an ancient lich
112470 | Zot:5    | Noticed an orb of fire
112477 | Zot:5    | Killed an ancient lich
112479 | Zot:5    | Killed an orb of fire
112481 | Zot:5    | Noticed an orb of fire
112491 | Zot:5    | Killed an orb of fire
112500 | Zot:5    | Noticed an orb of fire
112506 | Zot:5    | Noticed an orb of fire
112509 | Zot:5    | Killed an orb of fire
112518 | Zot:5    | Gained mutation: You tend to lose your temper in combat. [an orb of fire]
112519 | Zot:5    | Gained mutation: You occasionally shout uncontrollably at your foes. [an orb of fire]
112521 | Zot:5    | Gained mutation: You are frail (-10% HP). [an orb of fire]
112535 | Zot:5    | Killed an orb of fire
112835 | Zot:5    | Noticed an orb of fire
112851 | Zot:5    | Killed an orb of fire
112972 | Zot:5    | Got the Orb of Zot
113285 | Depths:4 | Noticed Fezify the pandemonium lord
113323 | Depths:3 | Killed Fezify the pandemonium lord
113370 | Depths:1 | Gained mutation: You are clumsy. (Dex -2) [mutagenic glow]
113592 | D:6      | Noticed Impais the pandemonium lord
113700 | D:$      | Escaped with the Orb!

Skill      XL: |  1  2  3  4  5  6  7  8  9 10 11 12 13 14 15 16 17 18 19 20 21 22 23 24 25 26 27 |
---------------+----------------------------------------------------------------------------------+-----
Armour         | 3 4 5 6 7 9 10 11 13 14 15 16 17 18 19 20 22 23 24 25 27 | 27.0
Axes           | 4 5 6 7 8 10 12 14 15 17 18 19 20 22 23 24 25 26 27 | 27.0
Fighting       | 4 5 6 7 9 10 12 13 15 16 17 18 19 20 22 23 25 26 27 | 27.0
Shields        | 4 7 9 11 12 13 14 15 16 17 19 20 21 22 23 27 | 27.0
Evocations     | 3 5 8 12 15 | 15.0
Dodging        | 6 10 27 | 27.0
Invocations    | 5 8 27 | 27.0
Stealth        | 12 | 12.8
Spellcasting   | 17 | 17.7
Charms         | 16 | 16.2
Hexes          | 14 | 14.3

Action                   |  1- 3 |  4- 6 |  7- 9 | 10-12 | 13-15 | 16-18 | 19-21 | 22-24 | 25-27 || total
-------------------------+-------+-------+-------+-------+-------+-------+-------+-------+-------++-------
Melee: Hand axe          |    98 |   137 |   116 |       |       |       |       |       |       ||   351
       Headbutt          |    18 |    30 |    61 |   128 |   392 |   438 |   395 |   422 |  2427 ||  4311
       Broad axe         |       |       |   168 |   553 |  1274 |  1388 |  1059 |  1454 |  7295 || 13191
       Trident           |       |       |       |       |    47 |    33 |       |       |       ||    80
 Cast: Haste             |       |       |       |       |       |       |       |       |     5 ||     5
       Infusion          |       |       |       |       |       |       |       |       |     1 ||     1
Invok: Berserk           |       |     1 |       |     9 |    10 |     3 |     2 |     1 |       ||    26
       Trog's Hand       |       |       |     5 |    19 |    10 |    11 |    11 |     6 |       ||    62
       Brothers in Arms  |       |       |       |       |       |       |       |     2 |       ||     2
       Brand Weapon With |       |       |       |       |       |       |       |     1 |       ||     1
       Divine Shield     |       |       |       |       |       |       |       |       |    13 ||    13
       Summon Divine War |       |       |       |       |       |       |       |       |   156 ||   156
       Cleansing Flame   |       |       |       |       |       |       |       |       |    16 ||    16
 Abil: Evoke Flight      |       |       |       |       |       |       |       |       |     1 ||     1
Evoke: Stone of tremors  |       |       |       |       |     1 |       |       |       |       ||     1
       Wand              |       |       |       |       |       |     3 |       |     4 |    14 ||    21
  Use: Scroll            |       |     8 |     2 |     5 |    12 |    26 |    23 |    23 |    43 ||   142
       Potion            |       |     6 |     4 |     5 |       |     8 |     2 |     1 |    30 ||    56
 Stab: Sleeping          |     1 |       |       |       |       |       |       |       |       ||     1
       Confused          |       |       |       |       |       |     1 |       |       |     1 ||     2
       Distracted        |       |       |       |       |       |       |       |     2 |     3 ||     5
       Paralysed         |       |       |       |       |       |       |       |       |     2 ||     2
       Petrifying        |       |       |       |       |       |       |       |       |     1 ||     1
  Eat: Chunk             |     1 |     8 |    12 |    28 |    50 |    27 |    22 |    27 |    28 ||   203
       Fruit             |       |       |       |     6 |     4 |     7 |       |     1 |    16 ||    34
       Royal jelly       |       |       |       |     1 |       |     1 |       |       |     6 ||     8
       Pizza             |       |       |       |       |     1 |       |       |     2 |     4 ||     7
       Bread ration      |       |       |       |       |       |     2 |     2 |     1 |    28 ||    33
       Meat ration       |       |       |       |       |       |     1 |       |       |     6 ||     7
       Beef jerky        |       |       |       |       |       |       |     1 |       |    14 ||    15
Armor: Animal skin       |    22 |       |       |       |       |       |       |       |       ||    22
       Chain mail        |    18 |    88 |   176 |   200 |       |       |       |       |       ||   482
       Plate armour      |       |       |       |   197 |   521 |   571 |   399 |   357 |  1115 ||  3160
Dodge: Dodged            |    51 |    42 |   119 |   174 |   267 |   307 |   243 |   378 |  2766 ||  4347
Block: Shield            |       |       |       |   193 |   623 |   773 |   646 |   990 |  4022 ||  7247
       Reflection        |       |       |       |       |       |       |     9 |   127 |   166 ||   302
       Large shield      |       |       |       |       |       |       |       |       |  1834 ||  1834
